 Dungeon Crawl Stone Soup version 0.22-a0-161-g198051c (webtiles) character file.

13 Atlas the Firebug (level 2, -1/20 HPs)
             Began as a Draconian Fire Elementalist on Feb 11, 2018.
             Slain by a goblin
             ... wielding a +0 club
              (2 damage)
             ... on level 1 of the Dungeon.
             The game lasted 00:00:52 (759 turns).

Atlas the Firebug (Draconian Fire Elementalist)      Turns: 759, Time: 00:00:52

Health: -1/20      AC:  4    Str: 10    XL:     2   Next: 24%
Magic:  5/5        EV: 12    Int: 15    God:
Gold:   53         SH:  6    Dex: 11    Spells: 4/5 levels left

rFire    . . .     SeeInvis .   (no weapon)
rCold    . . .     Gourm    .   (no shield)
rNeg     . . .     Faith    .   (armour unavailable)
rPois    .         Spirit   .   (helmet restricted)
rElec    .         Reflect  +   (no cloak)
rCorr    .         Harm     .   (no gloves)
MR       .....                  (no boots)
Stlth    ++........             c - +6 amulet of reflection
HPRegen  0.06/turn              (no ring)
MPRegen  0.09/turn              (no ring)

@: no status effects
A: unfitting armour, cold-blooded, AC +4
a: no special abilities


You were on level 1 of the Dungeon.
You were not hungry.

You visited 1 branch of the dungeon, and saw 1 of its levels.

You collected 53 gold pieces.

Inventory:

Jewellery
 c - a +6 amulet of reflection (around neck)
Scrolls
 d - 2 scrolls of identify {unknown}
Potions
 e - a potion of ambrosia {unknown}
Books
 a - a book of Flames

   Spells                             Type                      Level
   a - Flame Tongue                   Conjuration/Fire             1
   b - Throw Flame                    Conjuration/Fire             2
   c - Conjure Flame                  Conjuration/Fire             3
   d - Inner Flame                    Hexes/Fire                   3
   e - Sticky Flame                   Conjuration/Fire             4
   f - Fireball                       Conjuration/Fire             5
Comestibles
 b - 3 rations


   Skills:
 + Level 2.0 Dodging
 + Level 1.8 Stealth
 + Level 0.4 Unarmed Combat
 + Level 2.0 Spellcasting
 + Level 1.0 Conjurations
 + Level 3.3 Fire Magic


You had 4 spell levels left.
You knew the following spells:

 Your Spells              Type           Power        Failure   Level  Hunger
a - Flame Tongue          Conj/Fire      #....        9%          1    #......


Dungeon Overview and Level Annotations

Branches:
Dungeon (1/15)

Altars:


Innate Abilities, Weirdness & Mutations

Your plain brown scales are hard. (AC +4)
You cannot fit into any form of body armour.
You are cold-blooded and may be slowed by cold attacks.


Message History

The hobgoblin hits you but does no damage.
You block the goblin's attack. The hobgoblin hits you with a club.
* * * LOW HITPOINT WARNING * * *
The goblin hits you but does no damage.
A jackal comes into view.
The jackal barks!
You hear a bark!
The hobgoblin barely misses you. The goblin hits you with a club.
* * * LOW HITPOINT WARNING * * *
You block the hobgoblin's attack. You block the goblin's attack.
You block the hobgoblin's attack. The goblin closely misses you.
The hobgoblin hits you with a club.
* * * LOW HITPOINT WARNING * * *
The goblin barely misses you. You block the hobgoblin's attack.
You block the goblin's attack.
The hobgoblin hits you but does no damage.
A jackal comes into view.
The goblin hits you but does no damage. The hobgoblin barely misses you.
The goblin hits you with a club.
You die...

####.##.# #...........##
###....######.#.######..
#.........#............
##.........#.#...####h##
.'....................$
##......)..#.##..##.#$
#........)..##..#h.##..#
#.........####..gb.....#
#........รท#
##@g#....... #.........#
#..#....... #.........#
#.........# #.........#
#.######### #########.#
#.# #.# #.# #.## #.#
#..# #.# ##.## #.######


You could see 2 jackals, a hobgoblin, a goblin and a bat.

Vanquished Creatures
  A giant cockroach (D:1)
  4 hobgoblins (D:1)
  A kobold (D:1)
  A bat (D:1)
  2 frilled lizards (D:1)
  A goblin (D:1)
  3 rats (D:1)
13 creatures vanquished.

Notes
Turn   | Place    | Note
-------+----------+-------------------------------------------
     0 | D:1      | Atlas the Draconian Fire Elementalist began the quest for the Orb.
     0 | D:1      | Reached XP level 1. HP: 14/14 MP: 3/3
   521 | D:1      | Reached XP level 2. HP: 2/20 MP: 5/5
   755 | D:1      | HP: 1/20 [hobgoblin/club (3)]
   759 | D:1      | Slain by a goblin

Vault maps used:
D:1:      dpeg_arrival_rooms_c, minmay_tromino_v2

Skill      XL: |  1 |
---------------+----+-----
Dodging        | 2 |  2.0
Stealth        | |  1.8
Unarmed Combat | |  0.4
Spellcasting   | |  2.0
Conjurations   | |  1.0
Fire Magic     | |  3.3

Action                   || total
-------------------------++-------
Melee: Unarmed           ||    86
       Tailslap          ||     7
 Cast: Flame Tongue      ||    11
 Stab: Sleeping          ||     2
Armor: Skin              ||    41
Dodge: Dodged            ||    70
Block: Other             ||    21

Table legend:
 A = Spawn XP
 B = Non-spawn XP
 C = Spawn XP percentage of total XP
 D = Spawn monster count
 E = Non-spawn monster count
 F = Spawn count percentage of total count
 G = Total turns spent on level
                    A         B        C        D         E        F      G
               +---------+---------+-------+---------+---------+-------+---------
         Total |       0 |      19 |   0.0 |       0 |      13 |   0.0 |   759
               +---------+---------+-------+---------+---------+-------+---------
           D:1 |       0 |      19 |   0.0 |       0 |      13 |   0.0 |   759
               +---------+---------+-------+---------+---------+-------+---------
